 Dungeon Crawl Stone Soup version 0.31-a0-188-g5e087ee2ca (webtiles) character file.

Game seed: 6149483900425960232

32 qw the Shooter (level 3, 0/20 HPs)
             Began as a Deep Elf Hunter on June 22, 2023.
             Succumbed to an adder's poison
             ... on level 2 of the Dungeon.
             The game lasted 00:00:17 (590 turns).

qw the Shooter (Deep Elf Hunter)                     Turns: 590, Time: 00:00:17

Health: 0/20       AC:  3    Str: 10    XL:     3   Next: 8%
Magic:  2/5        EV: 12    Int: 13    God:
Gold:   56         SH:  0    Dex: 18    Spells: 2/2 levels left

rFire   . . .        Y - +0 shortbow
rCold   . . .        (shield currently unavailable)
rNeg    . . .        c - +0 leather armour
rPois   .            (no helmet)
rElec   .            (no cloak)
rCorr   .            (no gloves)
SInv    .            (no boots)
Will    .....        g - amulet of guardian spirit
Stlth   ++           (no ring)
HPRegen 0.23/turn    (no ring)
MPRegen 0.09/turn

%: guardian spirit
@: lethally poisoned (0 -> -6)
A: no striking features
a: no special abilities


You were on level 2 of the Dungeon.
You visited 1 branch of the dungeon, and saw 2 of its levels.

You collected 56 gold pieces.


   Skills:
 - Level 1.5 Fighting
 + Level 6.7 Ranged Weapons
 - Level 2.4 Dodging
 - Level 1.2 Stealth


You had 2 spell levels left.
You didn't know any spells.
Your spell library was empty.

Inventory:

Hand Weapons
 Y - a +0 shortbow (weapon)
Armour
 c - a +0 leather armour (worn)
Jewellery
 g - an amulet of guardian spirit (around neck)
Potions
 a - a potion of brilliance {unknown}
 e - a potion of lignification {unknown}
 h - a potion of curing {unknown}
 i - a potion of mutation {unknown}

Dungeon Overview and Level Annotations

Branches:
Dungeon (2/15)

Altars:


Message History

a - a sapphire potion
Found a trident.
You now have 45 gold pieces (gained 15).
You see here a +0 rapier.
You now have 56 gold pieces (gained 11).
An adder comes into view.
You shoot an arrow.
The arrow hits the adder but does no damage.
You shoot an arrow. The arrow hits the adder.
The adder is moderately wounded.
You shoot an arrow. The arrow barely misses the adder.
The adder closely misses you.
You shoot an arrow. The arrow misses the adder.
The adder closely misses you. x2
You shoot an arrow. The arrow closely misses the adder.
The adder bites you.
You are poisoned.
The adder poisons you!
You shoot an arrow. The arrow misses the adder.
You feel sick. The adder closely misses you. The adder bites you.
You are more poisoned.
The adder poisons you!
You shoot an arrow. The arrow closely misses the adder.
You feel sick. The adder closely misses you.
You shoot an arrow. The arrow completely misses the adder.
You feel sick. The adder bites you but does no damage. The adder bites you.
You shoot an arrow. The arrow misses the adder.
You feel sick. The adder bites you.
You shoot an arrow. The arrow closely misses the adder.
You feel sick. The adder barely misses you.
You shoot an arrow. The arrow hits the adder.
The adder is severely wounded.
You feel sick. The adder bites you but does no damage. The adder bites you.
You are lethally poisoned!
The adder poisons you!
You shoot an arrow. The arrow misses the adder.
You feel sick. The adder barely misses you.
You shoot an arrow. The arrow hits the adder!
You kill the adder!
You die...

#...........#
#...........#
##########...........#
.....................#
##########...........#
#....<).........#
#.###...........###
#......%.........<#
#####@..........###
........#...#######
......#.#.....#
#####.#)#.#.#.# .
#.#...#.# .. ... . .
## #.# . ...


There were no monsters in sight!

Vanquished Creatures
  2 adders
  2 bats
  3 endoplasms (D:1)
  4 goblins (D:1)
  2 hobgoblins
  3 ball pythons (D:1)
  4 frilled lizards (D:1)
  A kobold (D:1)
  3 rats (D:1)
24 creatures vanquished.

Notes
Turn   | Place    | Note
-------+----------+-------------------------------------------
     0 | D:1      | qw the Deep Elf Hunter began the quest for the Orb.
     0 | D:1      | Reached XP level 1. HP: 12/12 MP: 3/3
     0 | D:1      | Noticed a gargoyle
     0 | D:1      | 0 ||| qw: Version: 0.3-a-9-g12657ce
     0 | D:1      | 0 ||| qw: Game counter: 2853
     0 | D:1      | 0 ||| qw: Always use a shield: true
     0 | D:1      | 0 ||| qw: God list: Okawaru
     0 | D:1      | 0 ||| qw: Allow faded altars: false
     0 | D:1      | 0 ||| qw: Do Orc after D:15 true
     0 | D:1      | 0 ||| qw: Do second Lair branch before Depths: true
     0 | D:1      | 0 ||| qw: Lair rune preference: random
     0 | D:1      | 0 ||| qw: Plans: Normal
     0 | D:1      | 0 ||| PLANNING D:1-11
     3 | D:1      | Noticed a dwarf
    11 | D:1      | Noticed a felid
    14 | D:1      | Noticed a minotaur zombie
    16 | D:1      | Noticed a barachi
    21 | D:1      | Noticed a minotaur skeleton
    21 | D:1      | Noticed a naga
    25 | D:1      | Noticed a minotaur zombie
    29 | D:1      | Found a faded altar of an unknown god.
    81 | D:1      | Reached XP level 2. HP: 16/16 MP: 4/4
    86 | D:1      | Reached skill level 6 in Ranged Weapons
   428 | D:1      | 428 ||| UPGRADING to amulet of guardian spirit.
   433 | D:1      | 433 ||| READING scroll labelled HOCWOE FIAHO.
   434 | D:1      | 434 ||| READING scroll labelled SOJ WAATUEHOC.
   435 | D:1      | 435 ||| DROPPING scroll of butterflies.
   469 | D:2      | 469 ||| STAIRDANCE
   474 | D:1      | Reached XP level 3. HP: 13/20 MP: 5/5
   525 | D:2      | 525 ||| STAIRDANCE
   588 | D:2      | HP: 5/20 [poisoned by an adder]
   588 | D:2      | HP: 2/20 [adder (3)]
   590 | D:2      | Succumbed to an adder's poison

Levels and vault maps discovered:
D:1:      shiori_arrival_whats_in_store_for_you, layout_rooms,
          ebering_ecumenical_altar_webs
D:2:      layout_basic, basic_altar, minmay_misc_feat_chi, minmay_tromino_i4,
          uniq_robin

Skill      XL: |  1  2 |
---------------+-------+-----
Ranged Weapons | 6 |  6.7
Fighting       | |  1.5
Dodging        | |  2.4
Stealth        | |  1.2

Action                     || total
---------------------------++-------
   Fire: Shortbow          ||    65
    Use: Scroll            ||     2
 Armour: Leather armour    ||     9
  Dodge: Dodged            ||    23

Table legend:
 A = Non-vault XP
 B = Vault XP
 C = Vault XP percentage of total XP
 D = Non-vault monster count
 E = Vault monster count
 F = Vault count percentage of total count
                 A         B        C        D         E       F
            +---------+---------+-------+---------+---------+-------
      Total |      59 |       0 |   0.0 |      24 |       0 |   0.0
            +---------+---------+-------+---------+---------+-------
        D:1 |      43 |       0 |   0.0 |      21 |       0 |   0.0
        D:2 |      16 |       0 |   0.0 |       3 |       0 |   0.0
            +---------+---------+-------+---------+---------+-------
